AoeStats
← DKing

Fortress

509646824Analyzed
4v4 RM · 4d ago on Sep 27, 2026· 47m 22s· 8 players
Game mode
Random Map
Map size
Huge
Population
200
Speed
Normal
Resources
Standard
Victory
Conquest
Starting age
Dark Age
Ending age
Imperial Age
RankedLock teamsTeams togetherTeam positionsShared explorationLock speedFull tech treeHidden civsTurbo modeCheats
Victory
Defeat
🇵🇹 Hindustanis · Portugal
1232
+14
🇨🇳 Khmer · China
1205
+15
🇨🇳 Turks · China
1204
+15
🇨🇳 Varangians · China
1143
+19
🇳🇴 Mongols · Norway
1201
-16
🇷🇴 Wu · Romania
1194
-16
🇷🇺 Spanish · Russia
1186
-16
🇪🇸 Varangians · Spain
1180
-15
449
6:45 Feudal Age
10:55 Castle Age
9:24 Double-Bit Axe
9:47 Horse Collar
18:53 Loom
24:27 Imperial Age
21:43 Town Watch
22:33 Wheelbarrow
23:13 Heavy Plow
23:05 Stone Mining
23:54 Padded Archer Armor
24:54 Leather Archer Armor
26:05 Bow Saw
26:43 Ring Archer Armor
28:00 Hand Cart
30:26 Conscription
31:18 Elite Janissary
32:32 Fortified Wall
33:26 Treadmill Crane
37:18 Artillery
37:51 Gold Mining
39:11 Murder Holes
39:27 Masonry
39:38 Bombard Tower
40:29 Gold Shaft Mining
41:26 Bloodlines
41:16 Husbandry
41:38 Caravan
41:51 Guilds
43:39 Two-Man Saw
42:35 Fletching
42:51 Scale Barding Armor
42:57 Forging
44:44 Architecture
雪舞蝶梦
0:33 Loom
8:46 Feudal Age
9:33 Double-Bit Axe
9:31 Horse Collar
15:25 Castle Age
16:50 Heavy Plow
17:00 Bow Saw
17:31 Wheelbarrow
19:21 Hand Cart
27:00 Imperial Age
25:30 Caravan
25:55 Forging
25:50 Scale Barding Armor
25:44 Gold Mining
25:44 Stone Mining
27:26 Iron Casting
27:39 Bloodlines
27:29 Husbandry
28:02 Chain Barding Armor
29:21 Conscription
30:27 Blast Furnace
32:55 Plate Barding Armor
35:03 Stone Shaft Mining
34:14 Elite Jarl
39:23 Ballistics
40:03 Chemistry
39:08 Siege Engineers
39:14 Masonry
38:44 Treadmill Crane
39:00 Murder Holes
39:15 Fortified Wall
39:20 Scale Mail Armor
39:11 Fletching
39:21 Padded Archer Armor
39:34 Guilds
39:55 Coinage
43:15 Banking
43:05 Chain Mail Armor
马虎
9:17 Feudal Age
12:51 Castle Age
10:35 Horse Collar
10:44 Double-Bit Axe
13:39 Loom
14:57 Bow Saw
18:37 Wheelbarrow
21:26 Fletching
22:08 Elite Skirmisher
23:07 Padded Archer Armor
23:02 Bodkin Arrow
23:08 Bodkin Arrow
26:56 Ballistics
26:48 Scale Barding Armor
26:56 Forging
26:48 Devotion
28:51 Bloodlines
29:56 Chain Barding Armor
33:49 Imperial Age
31:32 Tusk Swords
32:56 Husbandry
34:52 Iron Casting
34:20 Gold Mining
35:34 Bracer
37:23 Chemistry
36:42 Leather Archer Armor
37:03 Plate Barding Armor
39:10 Ring Archer Armor
39:43 Blast Furnace
40:04 Gold Shaft Mining
39:49 Elite Battle Elephant
43:52 Light Cavalry
46:06 Chemistry
45:22 Hussar
DKing
6:59 Feudal Age
8:27 Double-Bit Axe
10:57 Castle Age
9:18 Horse Collar
15:11 Wheelbarrow
16:57 Loom
17:22 Town Watch
19:01 Hand Cart
20:18 Pikeman
20:59 Squires
22:04 Scale Mail Armor
23:39 Forging
28:15 Imperial Age
26:07 Bloodlines
25:18 Light Cavalry
25:54 Gold Mining
26:38 Husbandry
27:21 Gold Shaft Mining
27:21 Scale Barding Armor
27:51 Bow Saw
27:43 Heavy Plow
28:35 Chain Barding Armor
29:24 Conscription
28:26 Heavy Camel Rider
29:55 Plate Barding Armor
31:21 Two-Man Saw
30:57 Iron Casting
33:03 Blast Furnace
31:29 Imperial Camel Rider
33:36 Chemistry
32:57 Ballistics
32:48 Fortified Wall
32:35 Murder Holes
33:26 Shatagni
34:47 Padded Archer Armor
35:41 Hussar
36:54 Leather Archer Armor
39:27 Chain Mail Armor
40:45 Fletching
RoaZorro
7:10 Feudal Age
11:17 Castle Age
9:25 Double-Bit Axe
9:30 Horse Collar
14:32 Bow Saw
15:23 Heavy Plow
20:36 Gold Mining
23:19 Wheelbarrow
26:42 Imperial Age
24:50 Hand Cart
24:54 Husbandry
25:17 Bloodlines
25:35 Fletching
25:53 Scale Barding Armor
25:58 Forging
27:07 Bodkin Arrow
27:32 Chain Barding Armor
26:57 Heavy Hei Guang Cavalry
28:07 Conscription
29:29 Gold Shaft Mining
28:48 Stone Mining
29:00 Bracer
29:28 Padded Archer Armor
30:39 Sitting Tiger
31:02 Red Cliffs Tactics
31:27 Leather Archer Armor
38:06 Chemistry
37:26 Ballistics
Globox
7:48 Feudal Age
11:34 Castle Age
9:26 Horse Collar
9:32 Double-Bit Axe
14:53 Bow Saw
14:50 Heavy Plow
21:23 Wheelbarrow
21:50 Loom
24:21 Fletching
24:32 Padded Archer Armor
28:15 Imperial Age
27:25 Hand Cart
26:55 Town Watch
27:13 Padded Archer Armor
27:44 Ballistics
27:51 Town Patrol
27:51 Gold Mining
27:56 Stone Mining
28:38 Bodkin Arrow
29:00 Leather Archer Armor
29:40 Conscription
29:44 Bracer
29:58 Bloodlines
29:49 Husbandry
29:56 Thumb Ring
30:22 Parthian Tactics
30:47 Elite Mangudai
32:27 Stone Shaft Mining
32:30 Gold Shaft Mining
33:05 Chemistry
33:05 Siege Engineers
32:57 Murder Holes
34:11 Drill
34:26 Hoardings
33:53 Nomads
38:42 Light Cavalry
39:33 Scale Barding Armor
39:39 Forging
39:39 Hussar
40:44 Chain Barding Armor
42:00 Iron Casting
Note1984
7:30 Feudal Age
8:19 Horse Collar
8:29 Double-Bit Axe
13:34 Castle Age
12:04 Scale Barding Armor
13:40 Bloodlines
14:04 Forging
14:37 Bow Saw
15:36 Heavy Plow
17:09 Loom
18:48 Wheelbarrow
18:51 Town Watch
22:24 Husbandry
23:51 Hand Cart
24:34 Town Patrol
26:54 Gold Mining
29:41 Imperial Age
29:36 Chain Barding Armor
29:52 Iron Casting
29:52 Stone Mining
31:06 Fletching
31:16 Elite Jarl
33:12 Conscription
36:12 Plate Barding Armor
36:39 Blast Furnace
36:24 Crop Rotation
36:24 Caravan
36:43 Bodkin Arrow
CivitasDei
5:46 Loom
8:38 Feudal Age
13:17 Castle Age
11:41 Double-Bit Axe
11:39 Horse Collar
11:55 Gold Mining
13:32 Wheelbarrow
14:32 Bow Saw
17:27 Husbandry
20:19 Bloodlines
30:00 Forging
29:55 Scale Barding Armor
29:51 Padded Archer Armor
29:42 Fletching
29:26 Pikeman
30:07 Squires
33:56 Imperial Age
35:29 Conscription
35:37 Halberdier
40:13 Scale Mail Armor
41:45 Light Cavalry
42:21 Cavalier
43:39 Chain Barding Armor
43:55 Iron Casting
43:32 Paladin
48:06 Blast Furnace
47:44 Plate Barding Armor
Connection lost

Rejoining the realm…

Still unreachable

The connection could not be restored.

Session expired

The server has moved on; the page needs a fresh start.